 Dungeon Crawl Stone Soup version 0.23.2-40-g277498a001 (webtiles) character file.

Game seed: 17446669347763882145

2669 BeastOfSaturn the Covered (level 9, -3/66 HPs)
             Began as a Demonspawn Fighter on Oct 10, 2019.
             Was an Initiate of Ru.
             Killed from afar by a steam dragon (14 damage)
             ... with a ball of steam
             ... on level 7 of the Dungeon.
             The game lasted 01:06:06 (10485 turns).

BeastOfSaturn the Covered (Demonspawn Fighter)     Turns: 10485, Time: 01:06:06

Health: -3/66      AC: 13    Str: 20    XL:     9   Next: 37%
Magic:  9/9        EV: 10    Int: 10    God:    Ru [......]
Gold:   289        SH:  0    Dex: 12    Spells: 8/8 levels left

rFire    . . .     SeeInvis .     - Unarmed
rCold    + + .     Gourm    .   (no shield)
rNeg     . . .     Faith    .   v - +0 plate armour
rPois    .         Spirit   .   (helmet restricted)
rElec    .         Reflect  .   i - scarf {rC+ rF+}
rCorr    .         Harm     .   (no gloves)
MR       .....                  (no boots)
Stlth    ..........             (no amulet)
HPRegen  0.21/turn              A - +2 ring of evasion
MPRegen  0.11/turn              t - ring of ice

@: marked
A: claws 1, horns 2, talons 2, nightstalker 1, no stealth
a: Renounce Religion


You were on level 7 of the Dungeon.
You worshipped Ru.
Ru was noncommittal.
You were not hungry.

You visited 2 branches of the dungeon, and saw 9 of its levels.

You collected 289 gold pieces.

Inventory:

Hand Weapons
 b - a +2 hunting sling of velocity
 w - a cursed -2 flail
Missiles
 c - 15 sling bullets
Armour
 i - a scarf of resistance (worn)
 v - a +0 plate armour (worn)
Jewellery
 g - an uncursed ring of resist corrosion
 t - a ring of ice (right claw)
 A - a +2 ring of evasion (left claw)
Wands
 u - a wand of enslavement (6)
 x - a wand of random effects (27)
 y - a wand of paralysis (9)
 B - a wand of flame (23)
Scrolls
 a - a scroll of amnesia {unknown}
 e - a scroll of enchant weapon
 l - 2 scrolls of teleportation {unknown}
 n - 2 scrolls of remove curse
 p - 5 scrolls of identify {unknown}
 s - a scroll of enchant armour {unknown}
 C - a scroll of noise {unknown}
Potions
 d - a potion of might
 h - 3 potions of curing {unknown}
 j - 3 potions of agility {unknown}
 k - 2 potions of haste
 m - 2 potions of cancellation {unknown}
 o - a potion of heal wounds {unknown}
 q - 2 potions of lignification {unknown}
 r - a potion of invisibility {unknown}
 z - a potion of ambrosia {unknown}
Comestibles
 f - 6 rations


   Skills:
 + Level 4.4 Fighting
 - Level 2.6 Maces & Flails
 + Level 2.7 Slings
 * Level 7.7 Armour
 * Level 3.8 Dodging
   Level 3.1 Shields
 * Level 6.5 Unarmed Combat


You had 8 spell levels left.
You didn't know any spells.
Your spell library contained the following spells:

 Spells                   Type           Power        Failure   Level  Hunger
 Animate Skeleton         Necr           N/A          100%        1    ##.....
 Apportation              Tloc           #.....       100%        1    ##.....
 Confusing Touch          Hex            #.....       100%        1    ##.....
 Magic Dart               Conj           #...         100%        1    ##.....
 Summon Small Mammal      Summ           #...         100%        1    ##.....
 Blink                    Tloc           N/A          100%        2    ###....
 Call Imp                 Summ           #.......     100%        2    ###....
 Slow                     Hex            #.......     100%        2    ###....
 Conjure Flame            Conj/Fire      #.......     100%        3    ####...
 Mephitic Cloud           Conj/Pois/Air  #.......     100%        3    ####...


Dungeon Overview and Level Annotations

Branches:
Dungeon (8/15)             Temple (1/1) D:5
   Lair: D:8-11

Altars:
Ashenzari
Cheibriados
Dithmenos
Elyvilon
Fedhas
Gozag
Hepliaklqana
Kikubaaqudgha
Makhleb
Nemelex Xobeh
Qazlal
Ru
Sif Muna
Trog
Uskayaw
Vehumet
Wu Jian
Xom
Zin
The Shining One

Annotations:
D:6 2 transporters, Flortec's ghost, amateur FoFi
D:8 Harold


Innate Abilities, Weirdness & Mutations

You have sharp fingernails.
You have a pair of horns on your head.
You have razor-sharp toenails.
You are slightly more attuned to the shadows.
You cannot be stealthy.


Message History

The harpoon shot misses you.
Harold says, "Ah, this is what I got into this business for!"
Harold points at you and mumbles some strange words.
The harpoon shot hits you.
* * * LOW HITPOINT WARNING * * *
You are yanked forward by the harpoon shot.
Harold casts a spell at you. The harpoon shot hits you!
* * * LOW HITPOINT WARNING * * *
You are yanked forward by the harpoon shot.
Harold points at you and mumbles some strange words.
A sentinel's mark forms upon you.
There is a stone staircase leading up here.
You climb upwards.
There is a stone staircase leading down here.
You start resting.
The steam dragon is too close now for your liking.
The steam dragon breathes steam at you. The ball of steam hits you!
You die...

#...>.#.##)..# ..###............#
........#†...##..####†.........##
..........##..#...##..##...<...#
........>.###..#...............#
...........##.............#..###
...........D............######
.....................##.#
........####..§##..## ##
.........#####.§@...#
#............#>...###
###....(.....#......#
#.#....##.##....###
#####...#####...# #...# #####
#..## ####


There were no monsters in sight!

Vanquished Creatures
  A cyclops (D:7)
  A dream sheep (shapeshifter) (D:8)
  A black bear (D:7)
  A sky beast (D:6)
  5 ogres
  A phantom (D:4)
  A centaur (D:8)
  Blork the orc (D:6)
  2 bullfrogs
  A scorpion (D:8)
  3 wights (D:6)
  A howler monkey (D:6)
  5 crimson imps
  A bullfrog zombie (D:5)
  A hound (D:4)
  A centaur skeleton (D:7)
  An orc priest (D:5)
  3 orc wizards
  A gnoll shaman (D:8)
  3 iguanas
  6 worker ants
  A howler monkey skeleton (D:6)
  9 gnolls
  7 adders
  2 shadow imps (D:6)
  An adder zombie (D:5)
  An ooze (D:2)
  2 dart slugs
  5 leopard geckos
  10 orcs
  A bat zombie (D:1)
  5 giant cockroaches
  5 goblins
  7 hobgoblins
  4 jackals
  5 quokkas
  2 ball pythons
  8 bats
  5 frilled lizards
  2 giant cockroach zombies
  A jackal skeleton (D:5)
  5 kobolds
  A quokka zombie (D:5)
  2 rats (D:2)
132 creatures vanquished.

Vanquished Creatures (others)
  A centaur (D:8)
  A fungus (D:7)
2 creatures vanquished.

Grand Total: 134 creatures vanquished

Notes
Turn   | Place    | Note
-------+----------+-------------------------------------------
     0 | D:1      | BeastOfSaturn the Demonspawn Fighter began the quest for
                  | the Orb.
     0 | D:1      | Reached XP level 1. HP: 18/18 MP: 1/1
   411 | D:1      | Reached skill level 3 in Armour
   411 | D:1      | Gained mutation: You have sharp toenails. [demonic
                  | ancestry]
   411 | D:1      | Reached XP level 2. HP: 21/24 MP: 2/2
   857 | D:2      | Found a snail-covered altar of Cheibriados.
   970 | D:2      | Noticed an ogre
  1068 | D:2      | Gained mutation: You are slightly more attuned to the
                  | shadows. [demonic ancestry]
  1068 | D:2      | Reached XP level 3. HP: 27/29 MP: 3/3
  1071 | D:2      | HP: 1/29 [ogre/+0 giant spiked club (26)]
  1734 | D:2      | Found a white marble altar of Elyvilon.
  1852 | D:1      | Killed an ogre
  1852 | D:1      | Reached skill level 1 in Dodging
  1852 | D:1      | Gained mutation: You have sharp fingernails. [demonic
                  | ancestry]
  1852 | D:1      | Reached XP level 4. HP: 34/35 MP: 4/4
  1957 | D:3      | Reached XP level 5. HP: 41/41 MP: 5/5
  2250 | D:3      | Reached skill level 4 in Armour
  2352 | D:3      | Found a glowing golden altar of the Shining One.
  2831 | D:4      | Noticed a phantom
  4068 | D:4      | Found a bloodstained altar of Trog.
  4101 | D:4      | Killed a phantom
  4101 | D:4      | Reached skill level 1 in Unarmed Combat
  4101 | D:4      | Gained mutation: You have razor-sharp toenails. [demonic
                  | ancestry]
  4101 | D:4      | Reached XP level 6. HP: 40/47 MP: 6/6
  5022 | D:5      | Entered Level 5 of the Dungeon
  5075 | D:5      | Found a staircase to the Ecumenical Temple.
  5081 | Temple   | Entered the Ecumenical Temple
  5250 | Temple   | Became a worshipper of Ru the Awakened
  5334 | D:5      | Reached skill level 5 in Armour
  5475 | D:5      | Gained mutation: You have a pair of small horns on your
                  | head. [demonic ancestry]
  5475 | D:5      | Reached XP level 7. HP: 47/52 MP: 7/7
  6322 | D:5      | Found a glowing silver altar of Zin.
  6323 | D:5      | Found a blossoming altar of Fedhas.
  6614 | D:6      | Noticed Flortec's ghost (amateur FoFi)
  6623 | D:6      | Found a transporter.
  6894 | D:6      | Reached skill level 6 in Armour
  6894 | D:6      | Reached XP level 8. HP: 56/60 MP: 8/8
  7062 | D:6      | Reached skill level 5 in Unarmed Combat
  7066 | D:6      | Gained mutation: You cannot be stealthy. [Ru sacrifice]
  7175 | D:6      | Found a shadowy altar of Dithmenos.
  7216 | D:6      | Noticed Blork the orc
  7378 | D:6      | Killed Blork the orc
  7512 | D:6      | Reached skill level 1 in Slings
  8065 | D:7      | Noticed a cyclops
  8582 | D:6      | HP: 1/60 [orc warrior/+0 war axe (15)]
  8603 | D:5      | HP: 1/60 [orc warrior/+0 war axe (4)]
  9148 | D:6      | Found a transporter.
  9204 | D:7      | Killed a cyclops
  9302 | D:7      | Reached skill level 7 in Armour
  9318 | D:7      | Gained mutation: You have a pair of horns on your head.
                  | [demonic ancestry]
  9318 | D:7      | Reached XP level 9. HP: 63/65 MP: 9/9
  9475 | D:7      | HP: 2/66 [steam dragon] (3)]
 10418 | D:8      | Noticed Harold
 10485 | D:7      | Killed from afar by a steam dragon

Skill      XL: |  1  2  3  4  5  6  7  8  9 |
---------------+----------------------------+-----
Armour         | 3 4 5 6 7 |  7.7
Maces & Flails | 2 |  2.6
Dodging        | 1 2 3 |  3.8
Shields        | 3 |  3.1
Unarmed Combat | 1 2 4 5 6 |  6.5
Slings         | 2 |  2.7
Fighting       | 4 |  4.4

Action                   |  1- 3 |  4- 6 |  7- 9 || total
-------------------------+-------+-------+-------++-------
Melee: Flail             |   103 |       |       ||   103
       Kick              |    18 |    55 |    74 ||   147
       Unarmed           |       |   256 |   205 ||   461
       Punch             |       |     2 |     2 ||     4
       Headbutt          |       |       |    46 ||    46
 Fire: Hunting sling     |       |       |    62 ||    62
Invok: Sacrifice Stealth |       |       |     1 ||     1
  Use: Scroll            |       |     1 |     1 ||     2
  Eat: Ration            |     1 |     4 |     4 ||     9
Armor: Scale mail        |    43 |    79 |       ||   122
       Plate armour      |       |       |   133 ||   133
Dodge: Dodged            |    29 |   112 |    91 ||   232
Block: Shield            |    52 |       |       ||    52
